 Dungeon Crawl Stone Soup version 0.30-a0-620-g0e44632947 (webtiles) character file.

Game seed: 10784993367986207568

790 Dartaoz the Conjurer (level 7, -4/58 HPs)
             Began as a Grey Draconian Conjurer on Jan 10, 2023.
             Was a Follower of Vehumet.
             Engulfed by a cloud of steam (7 damage)
             ... on level 6 of the Dungeon.
             The game lasted 00:15:26 (6633 turns).

Dartaoz the Conjurer (Grey Draconian Conjurer)      Turns: 6633, Time: 00:15:27

Health: -4/58      AC: 12    Str: 10    XL:     7   Next: 57%
Magic:  3/12       EV: 12    Int: 20    God:    Vehumet [*.....]
Gold:   226        SH:  0    Dex:  9    Spells: 10/13 levels left

rFire   . . .      SeeInvis .    x - +1 whip (drain)
rCold   . . .      Faith    .    (no shield)
rNeg    . . .      Spirit   .    (body armour unavailable)
rPois   .          Reflect  .    (helmet restricted)
rElec   .          Harm     .    a - +0 cloak
rCorr   .          Rampage  .    (no gloves)
Will    .....                    (no boots)
Stlth   ++                       (no amulet)
HPRegen 0.29/turn                (no ring)
MPRegen 0.13/turn                (no ring)

@: no status effects
A: AC +11, amphibious, unfitting armour, cold-blooded
a: Renounce Religion


You were on level 6 of the Dungeon.
You worshipped Vehumet.
Vehumet was aware of your devotion.
You visited 1 branch of the dungeon, and saw 6 of its levels.

You collected 226 gold pieces.

Inventory:

Hand Weapons
 k - a +0 dagger
 v - a +0 quarterstaff
 x - a +1 whip of draining (weapon)
Armour
 a - a +0 cloak (worn)
Jewellery
 w - a ring of ice
Wands
 s - a wand of flame (33)
 t - a wand of paralysis (13)
Scrolls
 b - 4 scrolls of poison {unknown}
 d - a scroll of immolation {unknown}
 f - a scroll of noise {unknown}
 g - 2 scrolls of magic mapping {unknown}
 h - 3 scrolls of fear {unknown}
 i - 7 scrolls of identify {unknown}
 l - 5 scrolls of teleportation {unknown}
 m - a scroll of vulnerability {unknown}
 n - a scroll of blinking {unknown}
 o - a scroll of enchant weapon {unknown}
 p - a scroll of silence {unknown}
 y - a scroll of torment {unknown}
Potions
 c - 3 potions of curing {unknown}
 e - 2 potions of ambrosia {unknown}
 j - 2 potions of mutation {unknown}
 q - a potion of resistance {unknown}
 r - a potion of degeneration {unknown}
 u - a potion of flight {unknown}
 z - a potion of might {unknown}


   Skills:
 + Level 3.6 Fighting
 + Level 3.8 Dodging
 + Level 4.1 Stealth
 + Level 3.9 Spellcasting
 + Level 5.5 Conjurations


You had 10 spell levels left.
You knew the following spells:

 Your Spells              Type           Power      Damage    Failure   Level
a - Magic Dart            Conj           100%       1d8       1%          1
b - Searing Ray           Conj           52%        2d6       1%          2

Your spell library contained the following spells:

 Spells                   Type           Power      Damage    Failure   Level
 Kiss of Death            Conj/Necr      60%        2d10      4%          1
 Dazzling Flash           Conj/Hex       30%        N/A       12%         3
 Sting                    Tmut/Pois      12%        1d3       13%         1
 Ensorcelled Hibernation  Hex/Ice        6%         N/A       21%         2
 Passwall                 Tmut/Erth      2%         N/A       21%         2
 Poisonous Vapours        Pois/Air       6%         N/A       21%         2
 Gell's Gravitas          Tloc           3%         N/A       36%         3
 Portal Projectile        Hex/Tloc       6%         N/A       36%         3
 Swiftness                Air            3%         N/A       36%         3
 Teleport Other           Tloc           3%         N/A       36%         3
 Tukima's Dance           Hex            3%         N/A       36%         3
 Fulminant Prism          Conj/Hex       7%         3d7       38%         4
 Iskenderun's Mystic Bla  Conj/Tloc      15%        2d5       38%         4
 Olgreb's Toxic Radiance  Pois           3%         N/A       78%         4
 Passage of Golubria      Tloc           3%         N/A       78%         4
 Blade Hands              Tmut           1%         N/A       98%         5
 Yara's Violent Unravell  Hex/Tmut       1%         3d3       98%         5
 Dispersal                Tloc           1%         N/A       100%        6
 Enfeeble                 Hex            1%         N/A       100%        7


Dungeon Overview and Level Annotations

Branches:
Dungeon (6/15)             Temple (0/1) D:6

Altars:
Ashenzari
Cheibriados
Dithmenos
Elyvilon
Fedhas
Okawaru
Qazlal
Ru
Uskayaw
Vehumet
Wu Jian
Yredelemnul
The Shining One

Shops:
D:1 *


Innate Abilities, Weirdness & Mutations

Your dull iron-grey scales are very hard. (AC +11)
You are amphibious.
You cannot fit into any form of body armour.
You are cold-blooded and may be slowed by cold attacks.


Message History

You are engulfed in a cloud of scalding steam.
The searing ray hits the steam dragon.
The steam dragon is heavily wounded.
The steam dragon breathes steam at you. The ball of steam hits you.
The searing ray hits the steam dragon.
The steam dragon is severely wounded.
You finish channelling your searing ray.
You are engulfed in a cloud of scalding steam.
You are engulfed in a cloud of scalding steam.
The steam dragon bites you but does no damage.
The steam dragon claws you.
* * * LOW HITPOINT WARNING * * *
Casting: Searing Ray (safe; 1% risk of failure)
Confirm with . or Enter, or press ? or * to list all spells.
Aiming: Searing Ray (safe; 1% risk of failure)
Press: ? - help, Shift-Dir - straight line, f/p - steam dragon
Aim: a steam dragon (severely wounded, catching its breath, 79% to hit)
The searing ray misses the steam dragon. (Press . to maintain the ray.)
You are engulfed in a cloud of scalding steam.
* * * LOW HITPOINT WARNING * * *
The steam dragon closely misses you. The steam dragon barely misses you.
The searing ray hits the steam dragon.
The steam dragon is severely wounded.
The steam dragon breathes steam at you. The ball of steam hits you!
* * * LOW HITPOINT WARNING * * *
The searing ray hits the steam dragon!
The steam dragon is almost dead.
You are engulfed in a cloud of scalding steam.
* * * LOW HITPOINT WARNING * * *
The steam dragon bites you but does no damage.
The steam dragon closely misses you.
The searing ray hits the steam dragon.
You kill the steam dragon!
Vehumet accepts your kill.
You finish channelling your searing ray.
You are engulfed in a cloud of scalding steam.
You die...

### ... #. ....
##.##.#.##
###..... ..##
....#...##..#
#....#.#..#.#
#.#..#....#@#
#..##....#§§#
#.....>.....#
#..#....##§.#
#.#....#..#§#
#.#..#.#....# #
####..##...#..##
#.#...#........##
#........####.##


There were no monsters in sight!

Vanquished Creatures
  A steam dragon (D:6)
  An orc warrior (D:4)
  An ogre (D:4)
  A kobold brigand (D:5)
  A scorpion (D:5)
  A howler monkey (D:4)
  3 hounds (D:5)
  3 iguanas (D:5)
  An orc wizard (D:4)
  9 adders
  5 gnolls
  2 river rats (D:3)
  A white imp (D:6)
  5 dart slugs
  4 orcs
  10 bats
  7 endoplasms
  10 giant cockroaches
  9 goblins
  3 hobgoblins
  5 quokkas
  9 ball pythons
  2 frilled lizards
  11 kobolds
  9 rats
114 creatures vanquished.

Notes
Turn   | Place    | Note
-------+----------+-------------------------------------------
     0 | D:1      | Dartaoz the Draconian Conjurer began the quest for the Orb.
     0 | D:1      | Reached XP level 1. HP: 14/14 MP: 3/3
   243 | D:1      | Found Yfowku Urip's Assorted Antiques.
   281 | D:1      | Reached XP level 2. HP: 20/20 MP: 0/5
   413 | D:1      | Found a faded altar of an unknown god.
   620 | D:1      | Found a blossoming altar of Fedhas.
   876 | D:1      | Reached XP level 3. HP: 27/27 MP: 3/6
  1978 | D:2      | Reached skill level 1 in Fighting
  2129 | D:2      | Reached XP level 4. HP: 31/35 MP: 1/7
  2360 | D:2      | Learned a level 2 spell: Searing Ray
  3154 | D:3      | Reached XP level 5. HP: 39/41 MP: 6/9
  3883 | D:3      | Found a sacrificial altar of Ru.
  3906 | D:3      | Found a white marble altar of Elyvilon.
  3909 | D:3      | Found a broken altar of Ashenzari.
  3910 | D:3      | Found a shadowy altar of Dithmenos.
  3910 | D:3      | Found a hide-covered altar of Uskayaw.
  3910 | D:3      | Found a snail-covered altar of Cheibriados.
  3911 | D:3      | Found an ornate altar of the Wu Jian Council.
  3912 | D:3      | Found a radiant altar of Vehumet.
  3913 | D:3      | Found a basalt altar of Yredelemnul.
  3914 | D:3      | Found an iron altar of Okawaru.
  3915 | D:3      | Found a glowing golden altar of the Shining One.
  3918 | D:3      | Became a worshipper of Vehumet
  4279 | D:4      | Noticed an ogre
  4285 | D:4      | Killed an ogre
  4439 | D:4      | Reached XP level 6. HP: 50/50 MP: 3/10
  4857 | D:4      | Noticed an orc warrior
  5005 | D:4      | Killed an orc warrior
  5006 | D:4      | Reached skill level 5 in Conjurations
  5129 | D:4      | Found a stormy altar of Qazlal.
  5333 | D:5      | Entered Level 5 of the Dungeon
  5407 | D:5      | Your scales start taking on a dull iron-grey colour.
  5407 | D:5      | Reached XP level 7. HP: 53/57 MP: 5/12
  6390 | D:5      | Reached * piety under Vehumet
  6390 | D:5      | Offered knowledge of Kiss of Death by Vehumet.
  6614 | D:6      | Found a staircase to the Ecumenical Temple.
  6624 | D:6      | Noticed a steam dragon
  6633 | D:6      | Killed a steam dragon
  6633 | D:6      | Engulfed by a cloud of steam

Illustrated notes

Levels and vault maps discovered:
D:1:      ncdulo_smallfort, layout_basic, serial_shops, shop,
          chequers_ecumenical_altar_island, minmay_misc_feat_ornament,
          minmay_hexomino_r4
D:2:      minmay_chambers_of_twos, layout_basic
D:3:      layout_loops_ring, minitemple, gup_sewer_entry_bubbles, st_stairs_11,
          hangedman_decor_growths
D:4:      layout_basic, nicolae_qazlal_scattered_showers
D:5:      layout_basic, palyth_stone_intersect
D:6:      layout_loops_corners, minmay_temple_entry_mini_moons, uniq_edmund

Skill      XL: |  1  2  3  4  5  6  7 |
---------------+----------------------+-----
Stealth        | 2 3 4 |  4.1
Dodging        | 2 3 |  3.8
Fighting       | 1 2 3 |  3.6
Spellcasting   | 3 |  3.9
Conjurations   | 5 |  5.5

Action                   |  1- 3 |  4- 6 |  7- 9 || total
-------------------------+-------+-------+-------++-------
Melee: Unarmed           |     8 |       |       ||     8
       Tailslap          |     1 |       |       ||     1
       Dagger            |     3 |    11 |       ||    14
       Punch             |       |     1 |       ||     1
 Cast: Magic Dart        |    94 |   103 |    41 ||   238
       Searing Ray       |       |     9 |     8 ||    17
  Use: Potion            |       |     1 |       ||     1
Armor: Skin              |     6 |     7 |    12 ||    25
Dodge: Dodged            |    12 |    27 |    11 ||    50

Table legend: (Time is in decaauts)
 A = Elapsed time spent in this place.
 B = Non-inter-level travel time spent in this place.
 C = Inter-level travel time spent in this place.
 D = Time resting spent in this place.
 E = Time spent auto-exploring this place.
 F = Levels seen in this place.
 G = Mean time per level.
                   A        B        C        D        E       F      G
               +--------+--------+--------+--------+--------+-----+--------+
         Total |   6663 |   6493 |    170 |    167 |   5596 |   6 | 1110.5 |
       Dungeon |   6663 |   6493 |    170 |    167 |   5596 |   6 | 1110.5 |
               +--------+--------+--------+--------+--------+-----+--------+

Top non-repeatable levels by time:
     D:2: 1450 daAuts
     D:1: 1377 daAuts
     D:3: 1270 daAuts
     D:4: 1264 daAuts
     D:5: 1233 daAuts
     D:6: 65 daAuts
